 Dungeon Crawl Stone Soup version 0.28.0-53-g5a82cb258f (webtiles) character file.

Game seed: 13483012692029422786

48 DildoBatman the Conjurer (level 4, 0/28 (30) HPs)
             Began as a Formicid Conjurer on June 2, 2022.
             Slain by an iguana (8 damage)
             ... on level 4 of the Dungeon.
             The game lasted 00:04:08 (1517 turns).

DildoBatman the Conjurer (Formicid Conjurer)        Turns: 1517, Time: 00:04:08

HP:   0/28 (30)     AC:  2    Str: 12    XL:     4   Next: 0%
MP:   5/7           EV: 12    Int: 17    God:
Gold: 99            SH:  0    Dex: 11    Spells: 4/7 levels left

rFire   . . .      SeeInvis +   a - +0 dagger (venom)
rCold   . . .      Faith    .   (no shield)
rNeg    . . .      Spirit   .   e - +0 robe
rPois   .          Reflect  .   (helmet unavailable)
rElec   .          Harm     .   (no cloak)
rCorr   .          Rampage  .   (no gloves)
Will    .....                   (no boots)
Stlth   ++........              (no amulet)
HPRegen 0.09/turn               (no ring)
MPRegen 0.10/turn               (no ring)

@: drained
A: permanent stasis, dig shafts and tunnels, antennae 3, four strong arms
a: Dig, Shaft Self


You were on level 4 of the Dungeon.
You visited 1 branch of the dungeon, and saw 3 of its levels.

You collected 99 gold pieces.

Inventory:

Hand Weapons
 a - a +0 dagger of venom (weapon)
Missiles
 b - 83 stones
Armour
 e - a +0 robe (worn)
Jewellery
 k - a ring of flight
Scrolls
 c - a scroll of silence {unknown}
 f - a scroll of enchant armour {unknown}
 g - a scroll of vulnerability {unknown}
 i - 3 scrolls of identify {unknown}
 j - a scroll of torment {unknown}
 l - a scroll of amnesia {unknown}
Potions
 d - a potion of attraction {unknown}
 h - a potion of brilliance {unknown}
 m - a potion of heal wounds {unknown}


   Skills:
 - Level 1.7 Dodging
 - Level 2.4 Stealth
 - Level 2.1 Spellcasting
 * Level 4.8 Conjurations


You had 4 spell levels left.
You knew the following spells:

 Your Spells              Type           Power      Damage    Failure   Level
a - Searing Ray           Conj           36%        2d5       4%          2
c - Magic Dart            Conj           72%        1d6       2%          1

Your spell library contained the following spells:

 Spells                   Type           Power      Damage    Failure   Level
 Dazzling Flash           Conj/Hex       20%        N/A       22%         3
 Fulminant Prism          Conj/Hex       5%         3d7       56%         4
 Iskenderun's Mystic Bla  Conj/Tloc      10%        2d4       56%         4


Dungeon Overview and Level Annotations

Branches:
Dungeon (2/15)

Altars:
The Shining One

Shops:
D:2 *[![

Annotations:
D:1 Natasha


Innate Abilities, Weirdness & Mutations

You cannot be hasted, slowed, berserked, paralysed or teleported.
You can dig through walls and to a lower floor.
You have a pair of large antennae on your head. (SInv)
Your four strong arms can wield two-handed weapons with a shield.


Message History

What are your orders? t - Shout!
Orders for allies: a - Attack new target. r - Retreat! s - Stop attacking. g - Guard the area. f - Follow me.
Anything else - Cancel.
You shout for attention!
The jackal bites you. What are your orders? t - Shout!
Orders for allies: a - Attack new target. r - Retreat! s - Stop attacking. g - Guard the area. f - Follow me.
Anything else - Cancel.
You shout for attention!
The jackal closely misses you.
The jackal bites you but does no damage.
The iguana bites you. What are your orders? t - Shout!
Orders for allies: a - Attack new target. r - Retreat! s - Stop attacking. g - Guard the area. f - Follow me.
Anything else - Cancel.
You shout for attention!
The jackal bites you. x2
The jackal completely misses you. The jackal bites you. The iguana bites you!
What are your orders? t - Shout!
Orders for allies: a - Attack new target. r - Retreat! s - Stop attacking. g - Guard the area. f - Follow me.
Anything else - Cancel.
You shout for attention!
The jackal bites you. The jackal closely misses you. The iguana bites you!
You die...

#..#
#..#
{
#..#
#..#
{
##..#
.?.#
{
#hl#
{
#@.#
#h.#
...#
##..#
#..#
#...
.(..
.....


You could see an iguana and 2 jackals.

Vanquished Creatures
  An adder (D:2)
  A worm (D:2)
  4 ball pythons (D:1)
  An endoplasm (D:2)
  A giant cockroach (D:1)
  4 hobgoblins
  2 jackals (D:1)
  3 kobolds
  A quokka (D:1)
  5 bats
  6 frilled lizards (D:1)
  3 goblins
  2 rats (D:1)
34 creatures vanquished.

Vanquished Creatures (others)
  9 plants (D:1)
9 creatures vanquished.

Grand Total: 43 creatures vanquished

Notes
Turn   | Place    | Note
-------+----------+-------------------------------------------
     0 | D:1      | DildoBatman the Formicid Conjurer began the quest for the
                  | Orb.
     0 | D:1      | Reached XP level 1. HP: 13/13 MP: 3/3
   226 | D:1      | Reached XP level 2. HP: 10/19 MP: 0/5
   237 | D:1      | Reached skill level 4 in Conjurations
   292 | D:1      | Learned a level 2 spell: Searing Ray
   466 | D:1      | Found a faded altar of an unknown god.
   492 | D:1      | Reached XP level 3. HP: 24/24 MP: 3/6
   868 | D:2      | Found Bomnenun's Armour Boutique.
   875 | D:2      | Noticed Natasha
   936 | D:2      | Found a glowing golden altar of the Shining One.
   943 | D:2      | Found Raaf's Assorted Antiques.
  1082 | D:2      | Found Yffot's Armour Boutique.
  1106 | D:2      | Found Ariylu's Distillery.
  1511 | D:2      | Reached XP level 4. HP: 28/28 MP: 5/7
  1513 | D:2      | You fall into a shaft and drop 2 floors!
  1517 | D:4      | Slain by an iguana

Illustrated notes

Levels and vault maps discovered:
D:1:      minmay_arrival_shoal_huts, layout_loops_ring,
          nicolae_ecumenical_snake_handling, serial_bayou_ford_a,
          minmay_lizard_king
D:2:      layout_basic, basic_altar, serial_shops, nicolae_shop_trees,
          nicolae_lakefront_shop, shop, shop_statue, uniq_robin, uniq_natasha
D:4:      layout_basic, mainiacjoe_overflow_surrounded_room,
          nicolae_concentric_dashed_squares_wild

Skill      XL: |  1  2 |
---------------+-------+-----
Conjurations   | 4 |  4.8
Dodging        | |  1.7
Stealth        | |  2.4
Spellcasting   | |  2.1

Action                   |  1- 3 |  4- 6 || total
-------------------------+-------+-------++-------
Melee: Unarmed           |    22 |       ||    22
       Dagger            |    54 |       ||    54
 Cast: Magic Dart        |    28 |       ||    28
       Searing Ray       |     3 |       ||     3
 Abil: Dig               |     1 |       ||     1
       Shaft Self        |       |     1 ||     1
Armor: Robe              |    19 |     1 ||    20
Dodge: Dodged            |    70 |     3 ||    73
